 Dungeon Crawl Stone Soup version 0.27.0-1-g7a089689b8 (webtiles) character file.

Game seed: 3110996808890437838

2 ZombieSheep the Slasher (level 1, -4/20 HPs)
             Began as a Minotaur Monk on Aug 5, 2021.
             Slain by a kobold (5 damage)
             ... on level 1 of the Dungeon.
             The game lasted 00:00:15 (47 turns).

ZombieSheep the Slasher (Minotaur Monk)               Turns: 47, Time: 00:00:15

Health: -4/20      AC:  2    Str: 15    XL:     1   Next: 25%
Magic:  0/0        EV: 12    Int:  7    God:
Gold:   0          SH:  0    Dex: 12    Spells: 0/0 levels left

rFire    . . .     SeeInvis .   a - +0 falchion
rCold    . . .     Faith    .   (no shield)
rNeg     . . .     Spirit   .   b - +0 robe
rPois    .         Reflect  .   (helmet restricted)
rElec    .         Harm     .   (no cloak)
rCorr    .         Rampage  .   (no gloves)
Will     .....                  (no boots)
Stlth    ++........             (no amulet)
HPRegen  0.06/turn              (no ring)
MPRegen  0.07/turn              (no ring)

@: no status effects
A: horns 2, retaliatory headbutt
a: no special abilities


You were on level 1 of the Dungeon.
You visited 1 branch of the dungeon, and saw 1 of its levels.

Inventory:

Hand Weapons
 a - a +0 falchion (weapon)
Armour
 b - a +0 robe (worn)
Scrolls
 d - a scroll of fog {unknown}
Potions
 c - 2 potions of might {unknown}


   Skills:
 + Level 3.6 Fighting
 + Level 3.6 Long Blades
 + Level 0.2 Armour
 + Level 3.3 Dodging
 - Level 1.5 Stealth


You couldn't memorise any spells.
You didn't know any spells.
Your spell library was empty.

Dungeon Overview and Level Annotations

Branches:
Dungeon (1/15)

Altars:


Innate Abilities, Weirdness & Mutations

You have a pair of horns on your head.
You reflexively headbutt those who attack you in melee.


Message History

The bat is moderately wounded.
The bat closely misses you.
The quokka bites you but does no damage.
The quokka closely misses you. You furiously retaliate!
You headbutt the quokka. You hit the quokka.
You kill the quokka!
The bat barely misses you.
You riposte.
You barely miss the bat.
The bat is moderately wounded.
You miss the bat. Your headbutt misses the bat.
The bat is moderately wounded.
The bat closely misses you.
You riposte.
You miss the bat.
The bat is moderately wounded.
A kobold comes into view. It is wielding a +0 short sword.
The bat hits you but does no damage. The bat closely misses you.
The bat hits you but does no damage.
You hit the bat but do no damage.
The bat is moderately wounded.
The bat closely misses you. You furiously retaliate!
You headbutt the bat, but do no damage. The bat barely misses you.
You furiously retaliate!
You headbutt the bat!
You kill the bat!
The helpless kobold fails to defend itself.
You hit the kobold but do no damage.
The kobold hits you with a +0 short sword.
You closely miss the kobold.
The kobold hits you with a +0 short sword.
* * * LOW HITPOINT WARNING * * *
You are too injured to fight recklessly!
You are too injured to fight recklessly!
You closely miss the kobold. The kobold completely misses you.
You furiously retaliate!
You headbutt the kobold, but do no damage.
The kobold hits you with a +0 short sword.
* * * LOW HITPOINT WARNING * * *
You barely miss the kobold. Your headbutt misses the kobold.
The kobold barely misses you.
You barely miss the kobold. Your headbutt misses the kobold.
The kobold hits you with a +0 short sword.
You die...

#∩#####∩## #
.......∩########.#
#...............#.#
#÷##..÷...........#
#.##.............#
#.......∩#..†....#
###.∩∩÷...##.......#
##.#.∩#....#####....#
∩∩...#......# #@####
...÷.......##
#.K......
...........#
...######
...........# #.###
...........## #.
..÷........∩# ..
#∩∩###∩###..# .. ####
### ######.


You could see a kobold.

Vanquished Creatures
  A quokka (D:1)
  A bat (D:1)
2 creatures vanquished.

Notes
Turn   | Place    | Note
-------+----------+-------------------------------------------
     0 | D:1      | ZombieSheep the Minotaur Monk began the quest for the Orb.
     0 | D:1      | Reached XP level 1. HP: 19/19 MP: 0/0
    45 | D:1      | HP: 1/20 [kobold (5)]
    47 | D:1      | Slain by a kobold

Illustrated notes

Levels and vault maps discovered:
D:1:      amcnicky_arrival_abandoned_market, layout_rooms,
          minmay_small_reverse_x

Action                   || total
-------------------------++-------
Melee: Falchion          ||    11
       Headbutt          ||     1
 Stab: Sleeping          ||     1
Armor: Robe              ||     4
Dodge: Dodged            ||    11
       Rpst.: Falchion   ||     2
